 Dungeon Crawl Stone Soup version 0.31-a0-187-gba352fbbf7 (webtiles) character file.

Game seed: 56155224780234792

68 ders the Digger (level 4, 0/24 HPs)
             Began as a Gargoyle Earth Elementalist on June 22, 2023.
             Slain by a gnoll
             ... wielding a +0 spear
              (2 damage)
             ... on level 2 of the Dungeon.
             The game lasted 00:01:32 (1628 turns).

ders the Digger (Gargoyle Earth Elementalist)       Turns: 1628, Time: 00:01:32

Health: 0/24       AC:  5    Str: 12    XL:     4   Next: 19%
Magic:  6/7        EV: 11    Int: 17    God:
Gold:   118        SH:  0    Dex: 10    Spells: 4/8 levels left

rFire   . . .        d - +0 spear
rCold   . . .        (no shield)
rNeg    + . .        a - +0 robe
rPois   ∞            (no helmet)
rElec   +            (no cloak)
rCorr   .            (no gloves)
SInv    .            (no boots)
Will    .....        (no amulet)
Stlth   ++           (no ring)
HPRegen 0.24/turn    (no ring)
MPRegen 0.10/turn

%: no passive effects
@: no status effects
A: sickness immunity, AC +3, negative energy resistance 1, electricity
resistance, torment resistance 1, petrification resistance
a: no special abilities


You were on level 2 of the Dungeon.
You visited 1 branch of the dungeon, and saw 2 of its levels.

You collected 118 gold pieces.

Inventory:

Hand Weapons
 d - a +0 spear (weapon)
Armour
 a - a +0 robe (worn)
Scrolls
 e - 2 scrolls of identify {unknown}
 f - a scroll of immolation {unknown}
 h - a scroll of revelation {unknown}
 i - a scroll of torment {unknown}
Potions
 c - a potion of attraction {unknown}
 g - a potion of lignification {unknown}


   Skills:
 - Level 1.5 Dodging
 - Level 2.1 Stealth
 + Level 2.6 Spellcasting
 * Level 2.7 Conjurations
 + Level 1.4 Summonings
 - Level 0.7 Transmutations
 - Level 3.6 Earth Magic


You had 4 spell levels left.
You knew the following spells:

 Your Spells              Type           Power      Damage    Failure   Level
a - Sandblast             Erth           28%        2d8       4%          1
b - Stone Arrow           Conj/Erth      26%        3d8       14%         3

Your spell library contained the following spells:

 Spells                   Type           Power      Damage    Failure   Level
 Passwall                 Tmut/Erth      7%         N/A       11%         2
 Scorch                   Fire           4%         2d5       28%         2
 Petrify                  Tmut/Erth      9%         N/A       58%         4
 Flame Wave               Conj/Fire      6%         2d5       71%         4
 Summon Cactus Giant      Summ           3%         N/A       100%        6


Dungeon Overview and Level Annotations

Branches:
Dungeon (2/15)

Altars:
Fedhas

Shops:
D:1 [   D:2 (


Innate Abilities, Weirdness & Mutations

You are immune to sickness and miasma.
Your stone body is resilient. (AC +3)
You are immune to poison.
You resist negative energy. (rN+)
You are resistant to electric shocks. (rElec)
You are resistant to unholy torment.
You are immune to petrification.


Message History

Casting: Sandblast (safe; 4% risk of failure)
Confirm with . or Enter, or press ? or * to list all spells.
Aiming: Sandblast (safe; 4% risk of failure)
Press: ? - help, Shift-Dir - straight line, f/p - gnoll
Aim: a gnoll, wielding a +0 club (moderately wounded, 84% to hit)
The blast of sand hits the gnoll.
The gnoll is severely wounded.
The gnoll hits you with a +0 club.
Unknown command.
Casting: Sandblast (safe; 4% risk of failure)
Confirm with . or Enter, or press ? or * to list all spells.
Aiming: Sandblast (safe; 4% risk of failure)
Press: ? - help, Shift-Dir - straight line, f/p - gnoll
Aim: a gnoll, wielding a +0 club (severely wounded, 84% to hit)
The blast of sand hits the gnoll!
You kill the gnoll!
The gnoll hits you from afar with a +0 spear. x2
Unknown command.
Magic courses through your body. The gnoll barely misses you.
Casting: Sandblast (safe; 4% risk of failure)
Confirm with . or Enter, or press ? or * to list all spells.
Aiming: Sandblast (safe; 4% risk of failure)
Press: ? - help, Shift-Dir - straight line, f - gnoll
Aim: a gnoll, wielding a +0 spear (84% to hit)
The blast of sand hits the gnoll.
The gnoll is lightly wounded.
The gnoll hits you from afar with a +0 spear.
Your magical contamination has completely faded away.
Unknown command.
Casting: Sandblast (safe; 4% risk of failure)
Confirm with . or Enter, or press ? or * to list all spells.
Aiming: Sandblast (safe; 4% risk of failure)
Press: ? - help, Shift-Dir - straight line, f/p - gnoll
Aim: a gnoll, wielding a +0 spear (lightly wounded, 84% to hit)
The blast of sand hits the gnoll!
The gnoll is severely wounded.
The gnoll hits you from afar with a +0 spear!
* * * LOW HITPOINT WARNING * * *
The gnoll hits you from afar with a +0 spear.
You die...

##+#+.+++.#.#
#.....##...........
#....+∩+.#.#
#.....##.#.#.#.#.#.
###..++'.#.#
########(.......†.) #......#.#
#..#.#.#.#.# #..#.#.#.#
#........... #..#.#.#.#
#######.#.#.#.#.#. #..#)#.#.#
#.!...............
#..#.#.#.####.########.#.#.#.#
#..#........#@# #.......
#..###.#.##.#)# #....... #..#
#.#..#.#g# ##...... #..#
#.#..#.#g# #......
#..###.##.#.#.# #.##...
#....#....#.#.# # #.##
##.#.######.#.. #.
#.#........###
#####.#.##.#####


You could see 2 gnolls.

Vanquished Creatures
  2 gnolls (D:2)
  2 adders (D:2)
  2 ball pythons (D:1)
  3 bats
  3 endoplasms
  2 goblins (D:2)
  10 hobgoblins
  A quokka (D:1)
  3 kobolds (D:2)
28 creatures vanquished.

Notes
Turn   | Place    | Note
-------+----------+-------------------------------------------
     0 | D:1      | ders the Gargoyle Earth Elementalist began the quest for
                  | the Orb.
     0 | D:1      | Reached XP level 1. HP: 10/10 MP: 3/3
   239 | D:1      | Reached skill level 1 in Conjurations
   239 | D:1      | Reached XP level 2. HP: 12/15 MP: 1/5
   357 | D:1      | Found Zor Veosm's Antique Armour Boutique.
   716 | D:1      | Found a faded altar of an unknown god.
   894 | D:2      | Identified the +0 scale mail "Boheeff" {rF- Will+++ Int+4}
   921 | D:2      | Reached skill level 1 in Summonings
   921 | D:2      | Reached XP level 3. HP: 19/19 MP: 2/6
  1081 | D:2      | Learned a level 3 spell: Stone Arrow
  1345 | D:2      | Found Hevitano's Antique Weapon Boutique.
  1573 | D:2      | Found a blossoming altar of Fedhas.
  1624 | D:2      | Reached XP level 4. HP: 24/24 MP: 2/7
  1628 | D:2      | Slain by a gnoll

Illustrated notes

Levels and vault maps discovered:
D:1:      dpeg_arrival_central, layout_loops_ring, serial_shops,
          nicolae_shop_crystal, hellmonk_ecumenical_altar_inner_sanctum
D:2:      minmay_door_path, layout_basic, basic_altar, serial_shops,
          nicolae_shop_tiny_real_fake_doors, hex_medium

Skill      XL: |  1  2  3 |
---------------+----------+-----
Conjurations   | 1 2 |  2.7
Summonings     | 1 |  1.4
Dodging        | |  1.5
Stealth        | |  2.1
Spellcasting   | |  2.6
Transmutations | |  0.7
Earth Magic    | |  3.6

Action                     |  1- 3 |  4- 6 || total
---------------------------+-------+-------++-------
  Melee: Unarmed           |     8 |       ||     8
         Spear             |     7 |       ||     7
   Cast: Sandblast         |    46 |     4 ||    50
    Use: Potion            |       |     1 ||     1
 Armour: Robe              |     6 |       ||     6
  Dodge: Dodged            |    18 |     1 ||    19

Table legend: (Time is in decaauts)
 A = Elapsed time spent in this place.
 B = Non-inter-level travel time spent in this place.
 C = Inter-level travel time spent in this place.
 D = Time resting spent in this place.
 E = Time spent auto-exploring this place.
 F = Levels seen in this place.
 G = Mean time per level.
                   A        B        C        D        E       F      G
               +--------+--------+--------+--------+--------+-----+--------+
         Total |   1652 |   1637 |     15 |      0 |   1447 |   2 |  826.0 |
       Dungeon |   1652 |   1637 |     15 |      0 |   1447 |   2 |  826.0 |
               +--------+--------+--------+--------+--------+-----+--------+

Top non-repeatable levels by time:
     D:1: 897 daAuts
     D:2: 755 daAuts
